 Dungeon Crawl Stone Soup version 0.28.0-45-g0d030f2227 (webtiles) character file.

Game seed: 9979813536183098331

931 Peloso the Slasher (level 7, -2/54 (61) HPs)
             Began as a Minotaur Fighter on Apr 10, 2022.
             Slain by Edmund
             ... wielding a +4 flail of draining
              (5 damage)
             ... on level 5 of the Dungeon.
             The game lasted 00:06:56 (4045 turns).

Peloso the Slasher (Minotaur Fighter)               Turns: 4045, Time: 00:06:56

HP:   -2/54 (61)    AC:  7    Str: 26    XL:     7   Next: 86%
MP:   6/6           EV: 10    Int:  5    God:
Gold: 186           SH: 10    Dex: 12    Spells: 6/6 levels left

rFire   . . .      SeeInvis .   a - +0 long sword
rCold   . . .      Faith    .   c - +0 buckler
rNeg    . . .      Spirit   .   b - +0 scale mail
rPois   .          Reflect  +   (helmet restricted)
rElec   .          Harm     .   (no cloak)
rCorr   .          Rampage  .   (no gloves)
Will    .....                   (no boots)
Stlth   ..........              o - amulet of reflection
HPRegen 0.18/turn               i - +6 ring of strength
MPRegen 0.10/turn               (no ring)

@: heavily drained
A: horns 2, retaliatory headbutt
a: no special abilities


You were on level 5 of the Dungeon.
You visited 2 branches of the dungeon, and saw 7 of its levels.

You collected 186 gold pieces.

Inventory:

Hand Weapons
 a - a +0 long sword (weapon)
 k - a +0 hand crossbow
Armour
 b - a +0 scale mail (worn)
 c - a +0 buckler (worn)
Jewellery
 i - a +6 ring of strength (left hand)
 l - an amulet of faith
 o - an amulet of reflection (around neck)
Scrolls
 f - 3 scrolls of fog {unknown}
 h - a scroll of noise {unknown}
 m - a scroll of identify
 n - a scroll of enchant weapon {unknown}
 p - a scroll of amnesia {unknown}
 q - a scroll of immolation {unknown}
Potions
 d - 3 potions of might
 e - a potion of haste
 g - a potion of berserk rage
 j - a potion of attraction {unknown}
 r - a potion of degeneration {unknown}


   Skills:
 + Level 5.3 Fighting
 + Level 7.3 Long Blades
 + Level 6.5 Armour
 + Level 2.0 Dodging
 + Level 5.4 Shields


You had 6 spell levels left.
You didn't know any spells.
Your spell library was empty.

Dungeon Overview and Level Annotations

Branches:
Dungeon (6/15)             Temple (1/1) D:4

Altars:
Dithmenos
Elyvilon
Gozag
Hepliaklqana
Makhleb
Nemelex Xobeh
Qazlal
Ru
Sif Muna
Vehumet
Wu Jian
The Shining One

Shops:
D:4 =   D:5 (

Annotations:
D:3 3 runed translucent doors, duchin's ghost, amateur DrFE
D:5 Edmund


Innate Abilities, Weirdness & Mutations

You have a pair of horns on your head.
You reflexively headbutt those who attack you in melee.


Message History

a +0 dagger; a +0 robe; the elf corpse of Dowan
Things that are here:
a +1 short sword of speed; a +0 leather armour HP restored.
Things that are here:
a +0 dagger; a +0 robe; the elf corpse of Dowan
Found a stone staircase leading up.
Found a stone staircase leading down.
As you open the door, it creaks loudly!
There is an open door here.
You open the door.
There is an open door here.
Edmund the Younger comes into view.
He is wielding a +4 flail of draining.
Edmund shouts!
Edmund is nearby!
Edmund gestures with his flail.
You aren't carrying any items that you can evoke.
Edmund closely misses you. You furiously retaliate!
You headbutt Edmund. You slash Edmund! Your headbutt misses Edmund.
Edmund is heavily wounded.
Edmund closely misses you. You furiously retaliate!
You headbutt Edmund. You hit Edmund but do no damage.
You headbutt Edmund, but do no damage.
Edmund is heavily wounded.
Edmund drinks a potion.
Edmund goes berserk!
You closely miss Edmund. You headbutt Edmund.
Edmund is heavily wounded.
Edmund hits you with a +4 flail of draining!
You feel drained. You block Edmund's attack.
You slash Edmund!
Edmund is severely wounded.
Edmund hits you with a +4 flail of draining!
You feel drained.
Edmund hits you with a +4 flail of draining!
* * * LOW HITPOINT WARNING * * *
You feel drained.
* * * LOW HITPOINT WARNING * * *
You barely miss Edmund. You headbutt Edmund!
Edmund is almost dead.
Edmund hits you with a +4 flail of draining.
You die...

####### ### #.....#
.....#########.....#####
......@@.....'.....'....
.....#########.....#####
... #......# . #......#
#......# #.....##
#.....# #.....# #.....#


You could see Edmund (berserk).

Vanquished Creatures
  Duvessa (D:5)
  An ice beast (D:3)
  An ogre (D:6)
  A phantom (D:3)
  2 scorpions
  Dowan (D:5)
  2 hounds (D:4)
  A jelly (D:5)
  A bullfrog skeleton (D:6)
  An iguana (D:5)
  An orc wizard (D:4)
  7 adders
  5 gnolls
  A howler monkey skeleton (D:4)
  An ufetubus (D:5)
  An adder skeleton (D:4)
  3 dart slugs
  11 orcs
  7 ball pythons
  9 bats
  3 endoplasms
  10 giant cockroaches
  8 goblins
  7 hobgoblins
  4 quokkas
  3 frilled lizards
  6 kobolds
  5 rats
104 creatures vanquished.

Vanquished Creatures (others)
  A hobgoblin (D:3)
1 creature vanquished.

Grand Total: 105 creatures vanquished

Notes
Turn   | Place    | Note
-------+----------+-------------------------------------------
     0 | D:1      | Peloso the Minotaur Fighter began the quest for the Orb.
     0 | D:1      | Reached XP level 1. HP: 19/19 MP: 0/0
   107 | D:1      | Reached XP level 2. HP: 18/27 MP: 1/1
   436 | D:1      | Reached XP level 3. HP: 33/33 MP: 2/2
   669 | D:1      | Reached skill level 3 in Long Blades
   819 | D:1      | Found a faded altar of an unknown god.
  1038 | D:2      | Reached XP level 4. HP: 19/40 MP: 3/3
  1515 | D:2      | Reached skill level 4 in Long Blades
  1843 | D:3      | Noticed an ice beast
  1864 | D:3      | Killed an ice beast
  1865 | D:3      | Reached skill level 1 in Dodging
  1865 | D:3      | Reached XP level 5. HP: 47/47 MP: 4/4
  1874 | D:3      | You fall into a shaft and drop 3 floors!
  1900 | D:6      | Reached skill level 5 in Long Blades
  1900 | D:6      | Reached skill level 5 in Armour
  1900 | D:6      | Reached XP level 6. HP: 50/53 MP: 5/5
  2273 | D:5      | Entered Level 5 of the Dungeon
  2325 | D:5      | Found Uteoruclou's Antique Weapon Shop.
  2362 | D:4      | Reached skill level 6 in Long Blades
  2425 | D:5      | Reached skill level 5 in Shields
  2425 | D:5      | Reached XP level 7. HP: 15/60 MP: 6/6
  2660 | D:5      | Reached skill level 5 in Fighting
  2769 | D:4      | Found Saowumei's Jewellery Shoppe.
  2790 | D:4      | Found a staircase to the Ecumenical Temple.
  2835 | Temple   | Entered the Ecumenical Temple
  3008 | D:3      | Found a radiant altar of Vehumet.
  3200 | D:3      | Found a runed translucent gate.
  3200 | D:3      | Found an opulent altar of Gozag.
  3201 | D:3      | Found a runed translucent gate.
  3201 | D:3      | Found a runed translucent gate.
  3202 | D:3      | Noticed duchin's ghost (amateur DrFE)
  3441 | D:3      | Reached skill level 7 in Long Blades
  3763 | D:5      | Noticed Duvessa
  3763 | D:5      | Noticed Dowan
  3770 | D:5      | Killed Duvessa
  3781 | D:5      | Killed Dowan
  4036 | D:5      | Noticed Edmund
  4045 | D:5      | Slain by Edmund

Illustrated notes

Levels and vault maps discovered:
D:1:      nicolae_arrival_washed_ashore, layout_basic,
          nicolae_ecumenical_snake_handling, serial_park_tiny_2,
          minmay_worlds_worst_comb
D:2:      layout_basic, serial_glass, glass_columns_a, glass_columns_a,
          glass_columns_a, glass_columns_a, feat_on_display
D:3:      layout_basic, fiery_altar_vehumet, ebering_ghost_gozag,
          serial_bayou_pond_e
D:4:      layout_rooms, minmay_temple_entry_hall, serial_shops, kennysheep_mini
D:5:      layout_basic, serial_curves, eino_curves_02, eino_curves_02,
          serial_shops, shop, ebering_ghost_reflecting_pool, uniq_duvessa,
          uniq_edmund
D:6:      layout_gridville, old_standard_altar
Temple:   zaba_magenta_temple

Skill      XL: |  1  2  3  4  5  6  7 |
---------------+----------------------+-----
Armour         | 4 5 6 |  6.5
Shields        | 4 5 |  5.4
Fighting       | 4 5 |  5.3
Long Blades    | 3 4 5 6 7 |  7.3
Dodging        | 1 2 |  2.0

Action                   |  1- 3 |  4- 6 |  7- 9 || total
-------------------------+-------+-------+-------++-------
Melee: Long sword        |    80 |    70 |    99 ||   249
       Headbutt          |    11 |     8 |    23 ||    42
  Use: Scroll            |     3 |       |       ||     3
       Potion            |     1 |     2 |       ||     3
Armor: Scale mail        |    41 |    37 |    32 ||   110
Dodge: Dodged            |    39 |    39 |    38 ||   116
Block: Buckler           |    29 |    22 |    38 ||    89
       Reflection        |       |       |     1 ||     1
